Map: [ESL] Oceanborn

Players

Fjant

  • Race: Zerg Zerg
  • League: Grandmaster
  • Spawn Location: 5:00

Harstem - Winner!

  • Race: Protoss Protoss
  • League: Grandmaster
  • Spawn Location: 11:00

Event: HomeStory Cup XXIV

VOD

Have the link to the VOD?

Description

Time

  • Played on: Dec. 1, 2023, 6:54 a.m.
  • Length: 8:44

All games in this series

Show
View Real Time Build Order
Export as new Build Order

Fjant Zerg 

Build Orders: Hatch First 

Get SALT Encoding   

  12  0:00  Drone  
  13  0:07  Drone  
  13  0:14  Extractor, Drone  
  15  0:36  Hatchery  
  15  0:42  Extractor, Drone  
  15  0:48  Overlord  
  15  1:02  Spawning Pool  
  14  1:07  Drone  
  14  1:08  Drone  
  16  1:14  Drone  
  17  1:21  Extractor  
  17  1:23  Drone  
  17  1:29  Drone  
  18  1:45  Drone  
  19  1:49  Zergling x2, Queen  
  22  1:59  Queen  
  22  2:00  Drone x2  
  27  2:08  Drone  
  27  2:13  Overlord  
  27  2:16  Drone  
  28  2:31  Queen  
  28  2:32  Drone x3  
  28  2:34  Zergling x2  
  34  2:38  Queen  
  34  2:42  Metabolic Boost  
  36  2:48  Overlord  
  35  3:03  Hatchery  
  35  3:05  Drone  
  35  3:09  Drone  
  35  3:12  Overlord  
  36  3:25  Overlord  
  36  3:26  Roach Warren  
  35  3:27  Overlord  
  35  3:32  Zergling x4  
  35  3:33  Drone  
  38  3:35  Drone  
  38  3:37  Drone  
  38  3:39  Drone  
  41  3:44  Extractor  
  41  3:47  Drone x2  
  41  3:48  Drone  
  43  3:53  Queen  
  45  3:59  Queen  
  45  4:02  Drone  
  48  4:04  Drone  
  48  4:07  Overlord  
  49  4:11  Overlord  
  45  4:19  Drone  
  45  4:21  Roach x2  
  50  4:24  Roach  
  50  4:28  Roach  
  56  4:31  Roach  
  56  4:34  Roach  
  58  4:41  Roach x3  
  66  4:45  Roach  
  66  4:49  Spore Crawler  
  66  4:51  Overlord  
  65  4:55  Zergling x2  
  65  4:59  Zergling x4  
  68  5:03  Ravager  
  68  5:04  Ravager  
  68  5:05  Ravager  
  68  5:06  Zergling x4  
  73  5:10  Zergling x4  
  73  5:13  Zergling x4  
  76  5:15  Zergling x2  
  76  5:17  Ravager  
  78  5:21  Zergling x4  
  80  5:33  Zergling x6  
  81  5:38  Overlord  
  81  5:39  Overlord  
  80  5:49  Zergling x14  
  66  5:58  Roach x3  
  66  6:00  Zergling x2  
  62  6:04  Roach  
  62  6:09  Roach x2  
  60  6:18  Roach x2  
  60  6:21  Queen  
  60  6:23  Drone  
  62  6:27  Spore Crawler  
  61  6:33  Drone x3  
  61  6:36  Ravager x3  
  61  6:38  Drone  
  68  6:40  Zergling x2  
  68  6:44  Overlord  
  68  6:49  Overlord  
  68  6:51  Ravager  
  69  6:56  Zergling x6  
  69  6:58  Drone  
  73  7:08  Drone, Queen  
  73  7:11  Queen  
  77  7:15  Queen  
  77  7:19  Zergling x4  
  81  7:23  Roach  
  81  7:26  Overlord  
  81  7:28  Roach  
  86  7:30  Roach  
  86  7:33  Roach  
  86  7:36  Overlord  
  88  7:39  Zergling x2  
  89  7:47  Spore Crawler  
  89  7:50  Drone x2  
  90  7:52  Ravager  
  80  8:06  Zergling x16  
  80  8:07  Zergling x2  
  88  8:13  Spore Crawler  
  88  8:16  Zergling x2  
  88  8:17  Zergling x4  
  88  8:23  Drone x4  
Show
View Real Time Build Order
Export as new Build Order

Harstem Protoss - Winner!

Build Orders: 1 Gate Expand, Oracle Opening 

Get SALT Encoding   

  12  0:00  Probe  
  13  0:12  Probe  
  14  0:17  Pylon  
  14  0:25  Probe (Chrono Boost)  
  15  0:37  Gateway, Probe (Chrono Boost)  
  16  0:44  Probe (Chrono Boost)  
  16  0:47  Assimilator  
  17  0:51  Probe  
  18  1:03  Probe  
  19  1:16  Probe  
  20  1:23  Nexus  
  20  1:34  Cybernetics Core, Probe  
  21  1:43  Assimilator  
  21  1:47  Probe  
  22  1:50  Pylon  
  22  1:59  Probe  
  23  2:07  Adept (Chrono Boost)  
  23  2:11  Probe  
  26  2:21  Stargate  
  26  2:23  Probe  
  26  2:27  Stalker (Chrono Boost)  
  26  2:35  Probe  
  26  2:36  Probe  
  30  2:39  Warp Gate  
  30  2:47  Probe  
  30  2:48  Probe  
  34  2:59  Probe  
  34  3:00  Probe  
  34  3:05  Oracle (Chrono Boost)  
  34  3:11  Probe  
  34  3:12  Probe  
  39  3:13  Pylon  
  39  3:22  Gateway, Adept  
  39  3:23  Probe  
  39  3:24  Probe  
  43  3:35  Probe  
  43  3:36  Probe  
  43  3:37  Oracle (Chrono Boost)  
  48  3:48  Probe  
  49  3:50  Probe  
  49  3:52  Pylon  
  50  3:56  Nexus  
  50  4:01  Twilight Council  
  50  4:02  Probe  
  51  4:03  Probe  
  52  4:14  Probe  
  52  4:15  Probe  
  53  4:24  Assimilator  
  53  4:25  Gateway  
  53  4:26  Probe  
  53  4:27  Gateway  
  53  4:30  Stalker x2  
  58  4:33  Pylon  
  58  4:34  Probe  
  60  4:46  Oracle (Chrono Boost)  
  60  4:50  Shield Battery  
  60  4:51  Shield Battery  
  62  4:55  Stalker  
  62  4:56  Shield Battery, Probe  
  66  5:00  Pylon  
  66  5:03  Stalker  
  66  5:05  Probe  
  68  5:09  Probe  
  68  5:13  Pylon  
  69  5:15  Oracle (Chrono Boost)  
  69  5:17  Shield Battery  
  72  5:22  Zealot  
  72  5:24  Stalker  
  72  5:25  Probe  
  72  5:26  Probe  
  78  5:34  Stalker  
  80  5:37  Stalker  
  80  5:38  Shield Battery  
  78  5:51  Stalker x2  
  80  5:57  Stalker  
  80  5:59  Probe (Chrono Boost)  
  80  6:01  Probe (Chrono Boost)  
  80  6:02  Probe (Chrono Boost)  
  80  6:03  Stalker  
  87  6:11  Forge, Probe (Chrono Boost)  
  87  6:13  Probe (Chrono Boost)  
  87  6:14  Probe (Chrono Boost)  
  87  6:17  Stalker x2  
  94  6:19  Blink (Chrono Boost)  
  94  6:20  Probe (Chrono Boost)  
  94  6:21  Probe x2 (Chrono Boost)  
  97  6:25  Probe  
  97  6:27  Zealot, Probe  
  97  6:31  Assimilator, Pylon  
  101  6:34  Pylon  
  101  6:42  Protoss Ground Weapons Level 1 (Chrono Boost)  
  101  6:47  Photon Cannon  
  101  6:49  Probe  
  101  6:52  Gateway  
  101  6:53  Gateway  
  103  6:55  Probe  
  103  6:58  Stalker x2  
  107  7:01  Probe  
  107  7:02  Pylon  
  107  7:03  Assimilator  
  107  7:06  Stalker  
  110  7:10  Photon Cannon  
  110  7:14  Photon Cannon  
  110  7:15  Stalker, Pylon  
  112  7:19  Pylon  
  112  7:21  Probe, Pylon  
  112  7:22  Probe  
  114  7:25  Stalker  
  114  7:27  Stalker  
  118  7:31  Stalker  
  118  7:34  Probe  
  118  7:35  Probe  
  122  7:38  Assimilator  
  122  7:39  Stalker  
  122  7:40  Probe  
  125  7:51  Stalker x4  
  133  7:59  Stalker  
  132  8:09  Stalker  
  134  8:16  Stalker x3  
  134  8:17  Stalker  
  134  8:19  Probe  
  142  8:27  Nexus  
  142  8:29  Pylon  
  136  8:40  Stalker x6  
  141  8:44  Pylon  
Tags
 
Add a new tag
Caveats
  • Supply blocks, unpowered buildings, or Contaminate may cause inaccurate times.
  • Supply counts are checked every 10 seconds.